 Dungeon Crawl Stone Soup version 0.21-a0-38-g95c5c02 (webtiles) character file.

221 TheGoonsmith the Gusty (level 5, -3/28 HPs)
             Began as a Tengu Air Elementalist on May 29, 2017.
             Was an Initiate of Vehumet.
             Killed from afar by an orc wizard (9 damage)
             ... with a magic dart
             ... on level 4 of the Dungeon.
             The game lasted 00:07:10 (3125 turns).

TheGoonsmith the Gusty (Tengu Air Elementalist)     Turns: 3125, Time: 00:07:11

Health: -3/28      AC:  2    Str:  9    XL:     5   Next: 98%
Magic:  8/11       EV: 16    Int: 16    God:    Vehumet [......]
Gold:   85         SH:  3    Dex: 14    Spells: 5/11 levels left

rFire    . . .     SeeInvis .   e - +0 dagger
rCold    . . .     Gourm    .   (no shield)
rNeg     . . .     Faith    .   a - +0 robe
rPois    .         Spirit   .   (helmet restricted)
rElec    .         Reflect  +   (no cloak)
rCorr    .         Harm     .   (no gloves)
MR       .....                  (boots unavailable)
Stlth    ++........             t - +3 amulet of reflection
Regen    0.1/turn               k - +4 ring of evasion
MPRegen  0.2/turn               (no ring)

@: very slightly contaminated
A: beak, talons 3, able to fly 1
a: Fly, Renounce Religion


You were on level 4 of the Dungeon.
You worshipped Vehumet.
Vehumet was noncommittal.
You were not hungry.

You visited 1 branch of the dungeon, and saw 4 of its levels.

You collected 85 gold pieces.

Inventory:

Hand Weapons
 e - a +0 dagger (weapon)
Armour
 a - a +0 robe (worn)
Jewellery
 k - a +4 ring of evasion (left hand)
 t - a +3 amulet of reflection (around neck)
Scrolls
 d - a scroll of noise {unknown}
 i - a scroll of amnesia
 r - a scroll of identify
 u - a scroll of remove curse
Potions
 g - a potion of ambrosia
 h - a potion of curing
 j - a potion of brilliance {unknown}
 m - a potion of might {unknown}
 q - a potion of heal wounds {unknown}
Books
 b - a book of Air

   Spells                             Type                      Level
   a - Shock                          Conjuration/Air              1
   b - Swiftness                      Charms/Air                   2
   c - Static Discharge               Conjuration/Air              3
   d - Airstrike                      Air                          4
   e - Lightning Bolt                 Conjuration/Air              5
 o - Sif Muna's Papyrus of Curses
   (You found it on level 2 of the Dungeon)

   Spells                             Type                      Level
   a - Corona                         Hexes                        1
Comestibles
 c - 2 bread rations
 f - a meat ration
 v - a fruit


   Skills:
 - Level 2.1 Dodging
 - Level 2.0 Stealth
 + Level 3.6 Spellcasting
 + Level 3.7 Conjurations
 + Level 6.1 Air Magic


You had 5 spell levels left.
You knew the following spells:

 Your Spells              Type           Power        Failure   Level  Hunger
a - Shock                 Conj/Air       ###.         2%          1    None
b - Swiftness             Chrm/Air       ##......     8%          2    ##.....
s - Static Discharge      Conj/Air       ###.....     7%          3    ###....


Dungeon Overview and Level Annotations

Branches:
Dungeon (4/15)
 Temple: D:4-7

Altars:
Hepliaklqana
Kikubaaqudgha
Sif Muna
Trog
Uskayaw
Vehumet
Xom
Yredelemnul
Zin


Innate Abilities, Weirdness & Mutations

You have a beak for a mouth.
You have claws for feet.
You can fly.


Message History

The orc wizard shouts!
The orc wizard mumbles some strange words.
The orc wizard seems to speed up.
The orc priest calls upon Beogh to heal the orc wizard.
The orc wizard is healed somewhat.
An orc wizard comes into view. It is wielding a dagger.
The orc wizard shouts!
The orc wizard points at you and mumbles some strange words.
The puff of flame hits you!
The orc wizard casts a spell.
The orc wizard seems to speed up.
The orc priest invokes the aid of Beogh against you.
Beogh smites you!
Ouch! That really hurt!
* * * LOW HITPOINT WARNING * * *
The jackal skeleton closely misses you.
You feel less confused.
A magic dart appears from out of thin air!
The magic dart hits you!
You die...

..........#####..#####
......##.............##
......#...............##
.......................#
#..####................#
..<...##.........o.....##
................Z.......#.
......_.........Z...oo.....
..........>.....@...o.......
.....................o......
##....⌠........#....o.....#.
#......[...###.....#)o....
##........## #.#..........
....._...... .....#.##..#
...................#.. ...
......#......... .%. ##


You could see 2 orc priests, 3 orc wizards, 2 orcs, a jackal skeleton and a
bullfrog skeleton.

Vanquished Creatures
  An ogre (D:4)
  A howler monkey (D:4)
  4 adders
  2 oozes
  A worm (D:3)
  A dart slug (D:1)
  3 leopard geckos
  3 ball pythons
  3 bats (D:1)
  A giant cockroach (D:1)
  6 goblins
  6 hobgoblins
  3 jackals
  4 kobolds
  3 quokkas (D:3)
  2 frilled lizards
  5 rats
49 creatures vanquished.

Notes
Turn   | Place    | Note
-------+----------+-------------------------------------------
     0 | D:1      | TheGoonsmith the Tengu Air Elementalist began the quest for the Orb.
     0 | D:1      | Reached XP level 1. HP: 10/10 MP: 4/4
   174 | D:1      | Reached XP level 2. HP: 6/15 MP: 0/6
   811 | D:1      | Learned a level 2 spell: Swiftness
   911 | D:1      | Reached XP level 3. HP: 19/19 MP: 4/7
  1097 | D:1      | Learned a level 3 spell: Static Discharge
  1345 | D:2      | Reached skill level 5 in Air Magic
  1425 | D:2      | Found a hide-covered altar of Uskayaw.
  1505 | D:2      | Found a radiant altar of Vehumet.
  1516 | D:2      | Became a worshipper of Vehumet
  1519 | D:2      | Found an ancient bone altar of Kikubaaqudgha.
  1520 | D:2      | Found a deep blue altar of Sif Muna.
  1523 | D:2      | Identified Sif Muna's Papyrus of Curses
  1986 | D:3      | Reached XP level 4. HP: 24/24 MP: 5/9
  2243 | D:3      | Found a bloodstained altar of Trog.
  2913 | D:4      | Noticed an ogre
  2934 | D:4      | Killed an ogre
  2934 | D:4      | Gained mutation: You can fly. [Tengu growth]
  2934 | D:4      | Reached XP level 5. HP: 28/28 MP: 1/11
  2946 | D:4      | Reached skill level 6 in Air Magic
  3082 | D:4      | Found a basalt altar of Yredelemnul.
  3085 | D:4      | Found a hazy altar of Hepliaklqana.
  3093 | D:4      | Noticed an angel
  3094 | D:4      | Found a shimmering altar of Xom.
  3094 | D:4      | Found a glowing silver altar of Zin.
  3125 | D:4      | Killed from afar by an orc wizard

Vault maps used:
D:1:      roderic_crossed_star, minmay_tree_intersection
D:2:      grunt_temple_overflow_magic_moments, overflow_temple_1_default,
          first_bread
D:3:      trog_book
D:4:      grunt_temple_overflow_order_and_chaos_1, grunt_temple_overflow_open,
          uniq_blork_the_orc

Skill      XL: |  1  2  3  4  5 |
---------------+----------------+-----
Conjurations   | 2 3 |  3.7
Air Magic      | 5 6 |  6.1
Spellcasting   | 3 |  3.6
Dodging        | |  2.1
Stealth        | |  2.0

Action                   |  1- 3 |  4- 6 || total
-------------------------+-------+-------++-------
Melee: Dagger            |     1 |    10 ||    11
       Kick              |     1 |     4 ||     5
       Peck              |       |     1 ||     1
 Cast: Shock             |    65 |    56 ||   121
       Static Discharge  |     2 |     4 ||     6
  Use: Potion            |     1 |       ||     1
       Scroll            |       |     7 ||     7
  Eat: Chunk             |     4 |     4 ||     8
Armor: Robe              |     3 |       ||     3
Dodge: Dodged            |     7 |    10 ||    17
